Map: Dusk Towers

Players

lesha

  • Race: Terran Terran
  • League: Silver

Алехандро - Winner!

  • Race: Protoss Protoss
  • League: Gold

VOD

Have the link to the VOD?

Description

Time

  • Played on: Jan. 6, 2016, 10:08 a.m.
  • Length: 7:12
Show
View Real Time Build Order
Export as new Build Order

lesha Terran 

Build Orders: Reaper Expand, MMM Bio 

Get SALT Encoding   

  12  0:01  SCV  
  13  0:13  SCV  
  14  0:19  Supply Depot  
  14  0:25  SCV  
  15  0:40  SCV  
  15  0:41  Barracks  
  16  0:48  Refinery  
  16  0:52  SCV  
  17  1:04  SCV  
  18  1:17  SCV  
  19  1:29  Orbital Command  
  19  1:31  Reaper  
  20  1:41  Command Center  
  20  1:54  Supply Depot  
  20  1:55  Refinery  
  20  1:58  SCV  
  21  2:09  Barracks Reactor  
  21  2:15  SCV  
  22  2:16  Barracks  
  22  2:27  SCV  
  23  2:39  SCV  
  23  2:53  Factory  
  23  2:55  Marine x2  
  23  2:57  Barracks  
  25  3:05  Barracks Reactor  
  25  3:15  Engineering Bay  
  25  3:16  Marine x2  
  25  3:17  Supply Depot  
  25  3:18  Orbital Command  
  27  3:21  SCV  
  28  3:33  SCV  
  29  3:38  Barracks  
  29  3:39  Marine  
  29  3:40  Factory Tech Lab, Marine  
  31  3:46  SCV x2  
  33  3:52  Marine  
  33  3:53  Barracks Tech Lab, Marine  
  25  4:20  Missile Turret  
  25  4:24  Marine x4  
  25  4:31  Barracks Tech Lab  
  29  4:32  Starport  
  29  4:42  SCV  
  29  4:43  Missile Turret  
  29  4:44  SCV  
  31  4:59  Marine  
  31  5:00  Marine x3  
  31  5:06  Stimpack, Marine x2  
  37  5:10  Combat Shields  
  37  5:17  SCV  
  37  5:18  SCV  
  39  5:27  Marine x3  
  42  5:29  SCV  
  42  5:30  SCV  
  44  5:38  Marauder x2  
  48  5:45  Starport Reactor  
  48  5:59  SCV  
  48  6:00  SCV  
  49  6:10  Marine x2  
  49  6:11  Marine x3  
  46  6:12  SCV x2, Marauder  
  48  6:29  Marauder  
  43  6:33  Marauder  
  38  6:42  Marine x4  
  41  6:50  Marine  
Show
View Real Time Build Order
Export as new Build Order

Алехандро Protoss - Winner!

Build Orders: Oracle Opening 

Get SALT Encoding   

  12  0:01  Probe (Chrono Boost)  
  13  0:11  Probe (Chrono Boost)  
  14  0:18  Pylon  
  14  0:22  Probe (Chrono Boost)  
  15  0:36  Probe (Chrono Boost)  
  15  0:39  Gateway  
  16  0:46  Probe (Chrono Boost)  
  17  0:53  Assimilator  
  18  0:57  Probe (Chrono Boost)  
  18  0:58  Assimilator  
  18  1:07  Probe (Chrono Boost), Pylon  
  19  1:18  Probe (Chrono Boost)  
  20  1:28  Probe (Chrono Boost)  
  20  1:29  Cybernetics Core  
  21  1:39  Probe (Chrono Boost)  
  22  1:41  Gateway  
  23  2:01  Probe (Chrono Boost)  
  23  2:07  Stargate  
  23  2:15  Pylon  
  25  2:23  Mothership Core (Chrono Boost)  
  25  2:27  Warp Gate  
  25  2:55  Oracle (Chrono Boost)  
  28  3:07  Adept x2  
  32  3:20  Nexus  
  32  3:38  Gateway  
  32  3:42  Robotics Facility  
  32  3:44  Pylon  
  32  4:15  Gateway  
  32  4:21  Gateway  
  32  4:23  Gateway  
  32  4:30  Observer (Chrono Boost)  
  33  4:39  Probe  
  34  4:49  Probe  
  35  5:14  Stalker x4  
  43  5:23  Sentry  
  43  5:24  Adept  
  51  5:30  Warp Prism (Chrono Boost)  
  49  5:49  Adept x5  
  53  6:17  Adept x5  
  51  6:51  Adept x5  
Tags
 
Add a new tag
Caveats
  • Supply blocks, unpowered buildings, or Contaminate may cause inaccurate times.
  • Supply counts are checked every 10 seconds.